 Dungeon Crawl Stone Soup version 0.31.0-9-g3a7656b989 (webtiles) character file.

Game seed: 11693333556743945014

29 qw the Shooter (level 3, 0/20 HPs)
             Began as a Deep Elf Hunter on Feb 2, 2024.
             Succumbed to their own poison gas
             ... on level 1 of the Dungeon.
             The game lasted 00:00:02 (621 turns).

qw the Shooter (Deep Elf Hunter)                     Turns: 621, Time: 00:00:03

Health: 0/20       AC:  3    Str: 10    XL:     3   Next: 1%
Magic:  5/5        EV: 12    Int: 13    God:
Gold:   33         SH:  0    Dex: 18    Spells: 2/2 levels left

rFire   . . .        a - +0 shortbow
rCold   . . .        (shield currently unavailable)
rNeg    . . .        c - +0 leather armour
rPois   .            (no helmet)
rElec   .            (no cloak)
rCorr   .            (no gloves)
SInv    .            (no boots)
Will    .....        (no amulet)
Stlth   ++           (no ring)
HPRegen 0.23/turn    (no ring)
MPRegen 0.09/turn

%: no passive effects
@: lethally poisoned (0 -> -2)
A: no striking features
a: no special abilities


You were on level 1 of the Dungeon.
You visited 1 branch of the dungeon, and saw 1 of its levels.

You collected 33 gold pieces.


   Skills:
 - Level 1.5 Fighting
 + Level 6.6 Ranged Weapons
 - Level 2.4 Dodging
 - Level 1.2 Stealth


You had 2 spell levels left.
You didn't know any spells.
Your spell library was empty.

Inventory:

Hand Weapons
 a - a +0 shortbow (weapon)
Armour
 c - a +0 leather armour (worn)
Potions
 d - a potion of magic {unknown}

Dungeon Overview and Level Annotations

Branches:
Dungeon (1/15)

Altars:

Shops:
D:1 ?=?


Message History

Your surroundings suddenly seem different.
Partly explored, can't reach some items.
612 ||| READING scroll labelled SUREBR GOEPRIL.
The air fills with toxic fumes!
As you read the scroll labelled SUREBR GOEPRIL, it crumbles to dust.
It was a scroll of poison.
Partly explored, can't reach some items.
613 ||| DROPPING scroll of butterflies.
You drop a scroll of butterflies.
Partly explored, can't reach some items.
What level of the Dungeon? (default 1, ? - help) Sorry, I don't know how to get there.
Enter note:
Enter note:
Enter note:
Enter note:
Enter note:
Enter note:
Enter note:
Enter note:
Enter note:
Enter note:
Enter note:
Enter note: You are engulfed in poison gas.
You are poisoned.
You feel very sick.
615 ||| Stepping ~*~*~tactically~*~*~ (cloud).
You feel very sick.
You see here a scroll of butterflies.
There is a lethal amount of poison in your body!
You feel sick.
There is a lethal amount of poison in your body!
You feel sick.
There is a lethal amount of poison in your body!
You feel sick.
There is a lethal amount of poison in your body!
You feel sick.
There is a lethal amount of poison in your body!
You feel sick.
There is a lethal amount of poison in your body!
You die...

########### #.........#
#.#######¤#
############¤#####0¤¤#
.........00¤0¤0¤00¤¤#############
############0¤¤0@00¤¤¤¤..........
#¤00##0#¤0##########.#
#¤¤.##0#..# #.# #¤.....#..# ###.#
#.#.##.#..# #.... ###
#.........########.###
#####8#######....)....#........
###....<....####.##)###.#.###.#..
#.............##....# #.#.# #.#.#


There were no monsters in sight!

Vanquished Creatures
  A giant cockroach (D:1)
  4 goblins (D:1)
  4 hobgoblins (D:1)
  2 jackals (D:1)
  3 kobolds (D:1)
  A quokka (D:1)
  6 bats (D:1)
  4 rats (D:1)
25 creatures vanquished.

Notes
Turn   | Place    | Note
-------+----------+-------------------------------------------
     0 | D:1      | qw the Deep Elf Hunter began the quest for the Orb.
     0 | D:1      | Reached XP level 1. HP: 12/12 MP: 3/3
     0 | D:1      | 0 ||| qw: Version: 0.3-a-155-g5e7d8dd
     0 | D:1      | 0 ||| qw: Game counter: 1263
     0 | D:1      | 0 ||| qw: Melee chars always use a shield: true
     0 | D:1      | 0 ||| qw: God list: Okawaru
     0 | D:1      | 0 ||| qw: Allow faded altars: false
     0 | D:1      | 0 ||| qw: Do Orc after clearing Dungeon:15 true
     0 | D:1      | 0 ||| qw: Do second Lair branch before Depths: true
     0 | D:1      | 0 ||| qw: Lair rune preference: random
     0 | D:1      | 0 ||| qw: Goals: Normal
     0 | D:1      | 0 ||| PLANNING D:1-11
    93 | D:1      | Reached XP level 2. HP: 16/16 MP: 4/4
   113 | D:1      | Reached skill level 6 in Ranged Weapons
   172 | D:1      | Found Epnazoiv's Magic Scroll Emporium.
   248 | D:1      | 248 ||| SHOPLISTING scroll of enchant weapon (82 gold, have
                  | 11).
   248 | D:1      | 248 ||| SHOPLISTING scroll of identify (22 gold, have 11).
   248 | D:1      | 248 ||| SHOPLISTING scroll of teleportation (33 gold, have
                  | 11).
   329 | D:1      | Found Cicydug's Magic Scroll Emporium.
   332 | D:1      | 332 ||| SHOPLISTING scroll of identify (28 gold, have 11).
   332 | D:1      | 332 ||| SHOPLISTING scroll of teleportation (42 gold, have
                  | 11).
   531 | D:1      | Found Iluhax's Jewellery Shop.
   535 | D:1      | 535 ||| SHOPLISTING +5 ring of evasion (504 gold, have 25).
   535 | D:1      | 535 ||| SHOPLISTING amulet of Vitality {RegenMP++ Regen++}
                  | (1400 gold, have 25).
   535 | D:1      | 535 ||| SHOPLISTING amulet of guardian spirit (420 gold,
                  | have 25).
   535 | D:1      | 535 ||| SHOPLISTING amulet of the acrobat (420 gold, have
                  | 25).
   535 | D:1      | 535 ||| SHOPLISTING ring of ice (350 gold, have 25).
   535 | D:1      | 535 ||| SHOPLISTING ring of the Camelopard {rElec rC+ Will+
                  | Slay-5 SInv} (288 gold, have 25).
   546 | D:1      | Reached XP level 3. HP: 20/20 MP: 5/5
   608 | D:1      | 608 ||| READING scroll labelled AHANKU NIYTS.
   612 | D:1      | 612 ||| READING scroll labelled SUREBR GOEPRIL.
   613 | D:1      | 613 ||| DROPPING scroll of butterflies.
   615 | D:1      | 615 ||| Stepping ~*~*~tactically~*~*~ (cloud).
   616 | D:1      | HP: 5/20 [poisoned by you (poison gas)]
   619 | D:1      | HP: 2/20 [poisoned by you (poison gas)]
   621 | D:1      | Succumbed to their own poison gas

Levels and vault maps discovered:
D:1:      heliophobic_arrival_dark_side_of_the_moon, layout_basic, serial_shops,
          nicolae_shop_tiny_glass, nicolae_shop_rolled_up,
          nicolae_shop_back_alley_shop, minmay_hedge_maze,
          corexii_item_surrounded_by_moat

Skill      XL: |  1  2 |
---------------+-------+-----
Ranged Weapons | 6 |  6.6
Fighting       | |  1.5
Dodging        | |  2.4
Stealth        | |  1.2

Action                     || total
---------------------------++-------
   Fire: Shortbow          ||    58
    Use: Scroll            ||     2
 Armour: Leather armour    ||     6
  Dodge: Dodged            ||     9

Table legend:
 A = Non-vault XP
 B = Vault XP
 C = Vault XP percentage of total XP
 D = Non-vault monster count
 E = Vault monster count
 F = Vault count percentage of total count
                 A         B        C        D         E       F
            +---------+---------+-------+---------+---------+-------
      Total |      42 |       0 |   0.0 |      25 |       0 |   0.0
            +---------+---------+-------+---------+---------+-------
        D:1 |      42 |       0 |   0.0 |      25 |       0 |   0.0
            +---------+---------+-------+---------+---------+-------
